Map: Year Zero LE

Players

Smileblind

  • Race: Protoss Protoss
  • League: Silver
  • Spawn Location: 1:00

VOD

Have the link to the VOD?

Description

Time

  • Played on: Feb. 7, 2019, 4:39 a.m.
  • Length: 12:47
Show
View Real Time Build Order
Export as new Build Order

Smileblind Protoss 

Build Orders:  

Get SALT Encoding   

  12  0:07  Probe (Chrono Boost)  
  13  0:24  Probe (Chrono Boost)  
  14  0:30  Pylon  
  15  0:41  Probe (Chrono Boost)  
  15  0:58  Probe (Chrono Boost)  
  16  1:04  Gateway  
  16  1:14  Assimilator, Probe (Chrono Boost)  
  17  1:24  Assimilator  
  17  1:25  Probe (Chrono Boost)  
  18  1:37  Probe (Chrono Boost)  
  18  1:44  Gateway  
  19  1:52  Probe (Chrono Boost)  
  20  2:09  Probe (Chrono Boost)  
  21  2:21  Cybernetics Core  
  21  2:26  Probe (Chrono Boost)  
  22  2:34  Pylon  
  22  2:43  Probe (Chrono Boost)  
  22  2:45  Gateway  
  23  2:59  Pylon  
  27  3:39  Gateway  
  27  3:45  Gateway  
  27  3:58  Unknown  
  29  4:00  Warp Gate  
  29  4:04  Unknown  
  31  4:20  Pylon  
  31  4:25  Stalker  
  33  4:36  Unknown  
  33  4:44  Pylon  
  33  4:49  Stalker  
  35  4:50  Unknown  
  35  4:59  Stalker  
  37  5:16  Stalker  
  39  5:23  Stalker  
  41  5:36  Stalker  
  43  5:49  Pylon  
  43  5:57  Stalker  
  45  6:09  Stalker  
  47  6:24  Stalker  
  49  6:33  Stalker  
  51  6:45  Stalker  
  53  6:58  Stalker  
  55  7:09  Stalker  
  35  8:00  Stalker x3  
  35  8:01  Stalker  
  31  8:25  Stalker  
  33  8:35  Stalker x2  
  37  8:49  Stalker  
  39  8:56  Adept  
  41  9:08  Adept  
  25  9:56  Stalker x2  
  25  9:57  Stalker x2  
  33  10:10  Adept  
  31  10:44  Stalker x2  
  35  11:00  Stalker  
  35  11:01  Stalker  
  39  11:21  Stalker  
  27  12:27  Stalker  
  27  12:28  Stalker x3  
  27  12:29  Stalker  
Tags
 
League
Silver
Matchup
Co-op
Add a new tag
Caveats
  • Supply blocks, unpowered buildings, or Contaminate may cause inaccurate times.
  • Supply counts are checked every 10 seconds.